AoeStats
← kalash777

Arena

507982439Analyzed
3v3 RM · 12d ago on Sep 20, 2026· 56m 39s· 6 players
Game mode
Random Map
Map size
Normal (6 player)
Population
200
Speed
Normal
Resources
Standard
Victory
Conquest
Starting age
Dark Age
Ending age
Imperial Age
RankedLock teamsTeams togetherTeam positionsShared explorationLock speedFull tech treeHidden civsTurbo modeCheats
Victory
Defeat
🇮🇳 Burgundians · India
507
+13
🇩🇪 Mongols · Germany
376
+19
🇧🇷 Sicilians · Brazil
215
+25
🇦🇺 Teutons · Australia
490
-47
🇦🇺 Britons · Australia
406
-18
🇦🇺 Huns · Australia
406
-18
kalash777
12:48 Feudal Age
14:19 Wheelbarrow
13:33 Double-Bit Axe
13:31 Horse Collar
22:13 Castle Age
24:34 Bow Saw
23:59 Man-at-Arms
24:02 Pikeman
24:42 Squires
25:28 Scale Mail Armor
25:38 Crossbowman
28:05 Heavy Plow
28:29 Hand Cart
30:41 Thumb Ring
36:33 Imperial Age
35:02 Forging
35:09 Chain Mail Armor
34:56 Padded Archer Armor
35:03 Scale Barding Armor
36:55 Elite Mangudai
37:22 Elite Steppe Lancer
38:22 Long Swordsman
39:13 Gold Mining
39:13 Stone Mining
39:38 Elite Skirmisher
42:02 Gold Shaft Mining
45:10 Iron Casting
44:56 Chain Barding Armor
52:23 Blast Furnace
51:14 Fletching
51:55 Plate Mail Armor
51:40 Leather Archer Armor
diegoagmaia
1:02 Loom
13:48 Feudal Age
14:33 Town Watch
15:24 Wheelbarrow
14:58 Horse Collar
24:07 Stone Mining
25:50 Padded Archer Armor
32:19 Castle Age
31:53 Arson
31:29 Man-at-Arms
33:01 Heavy Plow
33:03 Gold Mining
33:50 Stone Shaft Mining
35:27 Town Patrol
35:43 Hand Cart
36:24 Gold Shaft Mining
38:30 Gambesons
38:06 Long Swordsman
38:57 Husbandry
39:08 Bloodlines
38:19 Light Cavalry
53:18 Coinage
bmo
9:50 Feudal Age
9:29 Double-Bit Axe
10:02 Horse Collar
15:35 Stone Mining
19:45 Castle Age
19:47 Heavy Plow
20:00 Bow Saw
24:46 Gold Mining
25:32 Stone Shaft Mining
27:30 Gold Shaft Mining
29:12 Forging
29:08 Scale Barding Armor
31:53 Imperial Age
30:01 Wheelbarrow
29:11 Cavalier
29:55 Husbandry
30:58 Iron Casting
32:55 Hand Cart
32:55 Paladin
34:02 Chain Barding Armor
34:42 Blast Furnace
37:03 Plate Barding Armor
39:34 Conscription
38:55 Capped Ram
Caldi
7:29 Loom
10:13 Feudal Age
15:46 Double-Bit Axe
16:58 Horse Collar
20:23 Castle Age
20:31 Crossbowman
22:29 Fletching
26:45 Bodkin Arrow
30:10 Gold Mining
31:29 Wheelbarrow
30:39 Town Watch
31:00 Padded Archer Armor
36:20 Imperial Age
36:25 Hand Cart
36:11 Town Patrol
36:32 Arbalester
39:39 Elite Longbowman
40:55 Hoardings
43:28 Leather Archer Armor
43:14 Bracer
44:40 Scale Mail Armor
45:32 Ring Archer Armor
50:29 Chain Mail Armor
50:28 Forging
51:21 Bow Saw
52:36 Heavy Cavalry Archer
54:06 Scale Barding Armor
54:45 Murder Holes
57:36 Two-Man Saw
MarkyKenz
9:11 Loom
14:13 Feudal Age
15:31 Wheelbarrow
14:44 Double-Bit Axe
14:58 Gold Mining
17:16 Bloodlines
17:09 Horse Collar
19:24 Scale Barding Armor
19:30 Forging
25:11 Castle Age
26:16 Bow Saw
26:25 Hand Cart
26:14 Heavy Plow
26:55 Gold Shaft Mining
26:12 Stone Mining
26:19 Stone Mining
26:57 Husbandry
27:41 Iron Casting
29:04 Chain Barding Armor
31:09 Fletching
31:19 Padded Archer Armor
34:20 Fervor
35:10 Marauders
48:43 Imperial Age
46:56 Ballistics
50:36 Caravan
50:31 Cavalier
51:42 Thumb Ring
55:24 Parthian Tactics
54:20 Heavy Cavalry Archer
Sam-vs-Wild
9:02 Loom
15:29 Feudal Age
18:22 Wheelbarrow
19:36 Double-Bit Axe
20:57 Bloodlines
21:48 Horse Collar
23:41 Scale Barding Armor
26:34 Castle Age
26:20 Forging
28:00 Chain Barding Armor
28:50 Heavy Plow
30:17 Bow Saw
35:31 Imperial Age
35:36 Hand Cart
36:20 Iron Casting
35:39 Capped Ram
36:16 Cavalier
38:55 Chemistry
53:55 Gold Mining
Connection lost

Rejoining the realm…

Still unreachable

The connection could not be restored.

Session expired

The server has moved on; the page needs a fresh start.